 Dungeon Crawl Stone Soup version 0.28-a0-883-gc8d7bad45d (webtiles) character file.

Game seed: 4639728010015176844

213 ytrimaz the Ruffian (level 5, -3/41 HPs)
             Began as a Demonspawn Fighter on Nov 22, 2021.
             Killed from afar by an orc wizard (10 damage)
             ... with a puff of flame
             ... on level 4 of the Dungeon.
             The game lasted 00:02:57 (3236 turns).

ytrimaz the Ruffian (Demonspawn Fighter)            Turns: 3236, Time: 00:02:58

Health: -3/41      AC:  7    Str: 18    XL:     5   Next: 59%
Magic:  5/5        EV: 10    Int:  9    God:
Gold:   89         SH:  4    Dex: 12    Spells: 4/4 levels left

rFire   . . .      SeeInvis .     - Unarmed
rCold   . . .      Faith    .   b - +0 buckler
rNeg    . . .      Spirit   .   a - +0 scale mail
rPois   .          Reflect  .   (no helmet)
rElec   .          Harm     .   (no cloak)
rCorr   .          Rampage  .   (no gloves)
Will    .....                   (no boots)
Stlth   ..........              (no amulet)
HPRegen 0.13/turn               (no ring)
MPRegen 0.09/turn               (no ring)

@: mighty
A: claws 1, sturdy frame 1
a: no special abilities


You were on level 4 of the Dungeon.
You visited 1 branch of the dungeon, and saw 4 of its levels.

You collected 89 gold pieces.

Inventory:

Armour
 a - a +0 scale mail (worn)
 b - a +0 buckler (worn)
Scrolls
 e - 2 scrolls of noise
 f - 2 scrolls of immolation
 g - a scroll of fog
 h - 3 scrolls of teleportation
 j - 2 scrolls of magic mapping
 l - a scroll of blinking {unknown}
Potions
 c - a potion of might
 d - a potion of attraction
 i - a potion of flight {unknown}
 k - a potion of curing
 m - a potion of heal wounds


   Skills:
 + Level 3.3 Fighting
 + Level 3.7 Armour
 + Level 3.2 Shields
 * Level 4.1 Unarmed Combat


You had 4 spell levels left.
You didn't know any spells.
Your spell library contained the following spells:

 Spells                   Type           Power      Damage    Failure   Level
 Borgnjor's Revivificati  Necr           0%         N/A       100%        8
 Necromutation            Tmut/Necr      0%         N/A       100%        8
 Death's Door             Necr           0%         N/A       100%        9


Dungeon Overview and Level Annotations

Branches:
Dungeon (4/15)
 Temple: D:4-7

Altars:
Trog

Shops:
D:1 =


Innate Abilities, Weirdness & Mutations

You have sharp fingernails.
Your movements are slightly less encumbered by armour. (ER -2)


Message History

You scratch the orc warrior.
The orc warrior is severely wounded.
The orc warrior hits you with a +0 war axe!
You closely miss the orc warrior.
The orc warrior is severely wounded.
The orc warrior hits you with a +0 war axe!
* * * LOW HITPOINT WARNING * * *
You closely miss the orc warrior.
The orc warrior is severely wounded.
You block the orc warrior's attack.
Unknown command.
You claw the orc warrior!
You kill the orc warrior!
Your life force feels restored.
Your Unarmed Combat skill increases to level 4!
You have reached level 5!
Things that are here:
a +0 war axe; a +0 plate armour; an orc corpse You see here a +0 vorpal long sword.
You start resting.
An orc wizard comes into view. It is wielding a +0 dagger.
An orc wizard is nearby!
An orc wizard is nearby!
You barely miss the orc wizard.
The orc wizard shouts!
The orc wizard gestures at you while chanting.
The puff of flame misses you.
You claw the orc wizard!
The orc wizard is almost dead.
The orc wizard hits you with a +0 dagger.
* * * LOW HITPOINT WARNING * * *
You barely miss the orc wizard.
The orc wizard is almost dead.
The orc wizard hits you with a +0 dagger.
* * * LOW HITPOINT WARNING * * *
You barely miss the orc wizard.
The orc wizard is almost dead.
The orc wizard points at you and mumbles some strange words.
The puff of flame hits you!
You die... ## ##### #.. #._.# .## ..###.).# ... #∩#@..## P... ##o..## PPP..

##.).##
P♣...##
##...##
P......##...##
#....#...##
#+.'..#
#...### ##..#


You could see an orc wizard.

Vanquished Creatures
  An orc warrior (D:4)
  6 adders
  3 worms
  7 endoplasms
  3 giant cockroaches
  4 goblins
  5 hobgoblins
  4 quokkas (D:1)
  6 ball pythons
  3 bats (D:2)
  4 frilled lizards
  4 kobolds
  7 rats
57 creatures vanquished.

Notes
Turn   | Place    | Note
-------+----------+-------------------------------------------
     0 | D:1      | ytrimaz the Demonspawn Fighter began the quest for the Orb.
     0 | D:1      | Reached XP level 1. HP: 18/18 MP: 1/1
    86 | D:1      | Found Givvyt's Jewellery Shop.
   283 | D:1      | Reached skill level 2 in Unarmed Combat
   283 | D:1      | Gained mutation: You have sharp fingernails. [demonic
                  | ancestry]
   283 | D:1      | Reached XP level 2. HP: 23/24 MP: 2/2
  1125 | D:2      | Gained mutation: Your movements are slightly less
                  | encumbered by armour. (ER -2) [demonic ancestry]
  1125 | D:2      | Reached XP level 3. HP: 19/29 MP: 3/3
  1589 | D:2      | Found a faded altar of an unknown god.
  1925 | D:2      | Reached XP level 4. HP: 34/35 MP: 4/4
  2020 | D:2      | Reached skill level 3 in Unarmed Combat
  3211 | D:4      | Noticed an orc warrior
  3213 | D:4      | Found a bloodstained altar of Trog.
  3223 | D:4      | Killed an orc warrior
  3224 | D:4      | Reached skill level 4 in Unarmed Combat
  3224 | D:4      | Reached XP level 5. HP: 9/41 MP: 5/5
  3236 | D:4      | Killed from afar by an orc wizard

Illustrated notes

Levels and vault maps discovered:
D:1:      dpeg_arrival_three_same_balls, layout_loops_ring, serial_shops, shop,
          chequers_garden, kennysheep_pointless_box
D:2:      layout_loops_cross, nicolae_ecumenical_oubliette
D:3:      layout_rooms
D:4:      layout_basic, nzn_overflow_gifts_of_might_and_magic, temple_statues,
          serial_shops, shop, serial_forest, infiniplex_forest_lined_corner,
          infiniplex_forest_clump_cross, infiniplex_forest_clump_diagonal,
          infiniplex_forest_clump_medium, infiniplex_forest_clump_curved,
          infiniplex_forest_3_way, infiniplex_forest_clump_small,
          minmay_surrounded, uniq_grinder

Skill      XL: |  1  2  3  4 |
---------------+-------------+-----
Unarmed Combat | 2 4 |  4.1
Armour         | 3 |  3.7
Shields        | 3 |  3.2
Fighting       | |  3.3

Action                   |  1- 3 |  4- 6 || total
-------------------------+-------+-------++-------
Melee: Unarmed           |   134 |    79 ||   213
  Use: Scroll            |     6 |     3 ||     9
       Potion            |       |     1 ||     1
Armor: Scale mail        |    50 |    21 ||    71
Dodge: Dodged            |    41 |    28 ||    69
Block: Buckler           |    26 |    14 ||    40

Table legend: (Time is in decaauts)
 A = Elapsed time spent in this place.
 B = Non-inter-level travel time spent in this place.
 C = Inter-level travel time spent in this place.
 D = Time resting spent in this place.
 E = Time spent auto-exploring this place.
 F = Levels seen in this place.
 G = Mean time per level.
                   A        B        C        D        E       F      G
               +--------+--------+--------+--------+--------+-----+--------+
         Total |   3230 |   3161 |     69 |    840 |   1781 |   4 |  807.5 |
       Dungeon |   3230 |   3161 |     69 |    840 |   1781 |   4 |  807.5 |
               +--------+--------+--------+--------+--------+-----+--------+

Top non-repeatable levels by time:
     D:2: 1435 daAuts
     D:1: 1019 daAuts
     D:3: 675 daAuts
     D:4: 100 daAuts
